 Dungeon Crawl Stone Soup version 0.25-a0-589-g1e14c549ee (webtiles) character file.

Game seed: 7797681198761044903, levelgen mode: deterministic

10210 Gargoyl the Schismatic (level 11, -6/91 HPs)
             Began as a Centaur Abyssal Knight on Mar 9, 2020.
             Was an Elder of Lugonu.
             Mangled by a white ugly thing (28 damage)
             ... on level 10 of the Dungeon on Mar 10, 2020.
             The game lasted 00:20:40 (13168 turns).

Gargoyl the Schismatic (Centaur Abyssal Knight)    Turns: 13168, Time: 00:20:41

Health: -6/91      AC: 19    Str: 17    XL:     11   Next: 33%
Magic:  14/17      EV:  6    Int: 11    God:    Lugonu [****..]
Gold:   84         SH: 11    Dex: 16    Spells: 10/10 levels left

rFire    . . .     SeeInvis .   a - +2 hand axe
rCold    . . .     Gourm    .   B - +1 kite shield
rNeg     . . .     Faith    .   v - +0 chain mail
rPois    .         Spirit   .   x - +2 helmet
rElec    +         Reflect  .   r - +2 cloak
rCorr    .         Harm     .   u - +0 pair of gloves
MR       .....                  (no barding)
Stlth    ..........             (no amulet)
HPRegen  0.25/turn              e - ring of stealth
MPRegen  0.15/turn              q - +6 ring of dexterity

@: studying Conjurations, very quick
A: large, hooves 3, molten scales 1, deformed body, speed 2, electricity
resistance, tough skin 3, wild magic 1
a: Depart the Abyss, Bend Space, Banish, Corrupt, Renounce Religion


You were on level 10 of the Dungeon.
You worshipped Lugonu.
Lugonu was greatly pleased with you.
You were not hungry.

You visited 1 branch of the dungeon, and saw 11 of its levels.
You visited the Abyss 1 time.

You collected 666 gold pieces.
You spent 582 gold pieces at shops.

Inventory:

Hand Weapons
 a - a +2 hand axe (weapon)
Missiles
 o - 12 boomerangs (quivered)
Armour
 r - a +2 cloak (worn)
 u - a +0 pair of gloves (worn)
 v - a +0 chain mail (worn)
 x - a +2 helmet (worn)
 B - a +1 kite shield (worn)
Jewellery
 e - a ring of stealth (left hand)
 q - a +6 ring of dexterity (right hand)
Wands
 w - a wand of iceblast (5)
 D - a wand of polymorph (8)
Scrolls
 d - 4 scrolls of remove curse
 f - 3 scrolls of magic mapping
 h - 7 scrolls of teleportation
 n - 3 scrolls of fear
 p - 3 scrolls of identify
 y - a scroll of holy word
 C - a scroll of brand weapon {unknown}
Potions
 b - 7 potions of heal wounds
 g - a potion of curing
 j - 4 potions of haste
 k - a potion of berserk rage
 l - 3 potions of brilliance
 m - 2 potions of mutation
 t - a potion of stabbing
 A - a potion of lignification
Books
 i - a manual of Conjurations
Comestibles
 c - 16 rations


   Skills:
 + Level 6.6 Fighting
 + Level 7.9 Axes
 + Level 3.8 Throwing
 * Level 7.1 Armour
 + Level 4.6 Dodging
 * Level 5.2 Shields
 * Level 8.6 Invocations
 + Level 2.9 Evocations


You had 10 spell levels left.
You didn't know any spells.
Your spell library contained the following spells:

 Spells                   Type           Power        Failure   Level  Hunger
 Shock                    Conj/Air       #...         100%        1    ##.....
 Swiftness                Chrm/Air       #.......     100%        2    ###....
 Confusing Touch          Hex            #.......     100%        3    ####...
 Gell's Gravitas          Tloc           #.........   100%        3    ####...
 Static Discharge         Conj/Air       #.......     100%        3    ####...
 Airstrike                Air            #.........   100%        4    #####..
 Petrify                  Tmut/Erth      #.......     100%        4    #####..
 Lightning Bolt           Conj/Air       #.........   100%        5    ######.
 Metabolic Englaciation   Hex/Ice        #.........   100%        5    ######.
 Yara's Violent Unravell  Hex/Tmut       #.........   100%        5    ######.


Dungeon Overview and Level Annotations

Branches:
Dungeon (11/15)            Temple (0/1) D:7            Lair (0/6) D:10
    Orc (0/2) D:9

Altars:
Ashenzari
Qazlal
Ru
Uskayaw
Xom
Yredelemnul
The Shining One

Shops:
D:7 =![!*   D:8 *   D:10 =

Portals:
Trove: D:11 (give +4 fire dragon scales)

Annotations:
D:4 2 transporters, Gargoyl's ghost, novice CeAK
D:10 1 runed translucent door, SirSavien's ghost, journeyman GnWn


Innate Abilities, Weirdness & Mutations

You have hooves in place of feet.
Armour fits poorly on your strangely shaped body.
You cover ground very quickly.
You have extremely tough skin. (AC +3)
You are partially covered in molten scales. (AC +2)
You are resistant to electric shocks. (rElec)
Your spells are a little harder to cast, but a little more powerful.


Message History

You slash the white ugly thing!
The white ugly thing is heavily wounded.
You block the white ugly thing's attack.
You hit the white ugly thing but do no damage.
The white ugly thing is heavily wounded.
The white ugly thing trunk-slaps you but does no damage.
You hit the white ugly thing. You kick the white ugly thing.
The white ugly thing is heavily wounded.
The white ugly thing trunk-slaps you! The white ugly thing freezes you!!
* * * LOW HITPOINT WARNING * * *
You hit the white ugly thing.
The white ugly thing is heavily wounded.
The white ugly thing trunk-slaps you but does no damage.
Your chain mail prevents you from hitting the white ugly thing.
Your kick misses the white ugly thing.
The white ugly thing is heavily wounded.
The white ugly thing trunk-slaps you.
* * * LOW HITPOINT WARNING * * *
The white ugly thing freezes you!!
You die...

#################################
...........(....@u...............
#...##...#..#..#..........#..#..#
....##...#..#..#..#..............
'##.................##########...
..#.....#######'#####........#...
#.#.##..'..........##..#P.P.P..##
#.#.....###.#########.....P......
..#.......#.##.#####.....P.PP.P.P
#.'..##...#.........P..PP.P....P.


You could see a white ugly thing.

Vanquished Creatures
  A two-headed ogre (D:10)
  Pikel (D:8)
  A centaur skeleton (D:10)
  A torpor snail (D:10)
  Grinder (D:6)
  Prince Ribbit (D:9)
  A hornet (D:9)
  2 yaks (D:9)
  2 hungry ghosts
  A water moccasin (D:5)
  4 porcupines (D:10)
  4 black bears
  An eye of draining (D:10)
  An ice beast (D:6)
  2 orc warriors
  A slave (D:9)
  4 ogres
  2 centaurs
  A crocodile (D:10)
  5 bullfrogs
  12 killer bees
  A howler monkey (D:4)
  5 crimson imps
  A quasit (D:9)
  5 orc priests
  5 hounds
  5 jellies
  5 orc wizards
  2 bullfrog skeletons
  3 iguanas
  5 worker ants
  A howler monkey zombie (D:6)
  6 gnolls
  8 adders
  4 shadow imps
  6 oozes
  2 adder skeletons
  A dart slug (D:1)
  3 leopard geckos
  26 orcs
  5 giant cockroaches
  10 goblins
  5 hobgoblins
  16 jackals
  3 quokkas
  5 ball pythons
  7 bats
  4 frilled lizards
  A jackal skeleton (D:8)
  A jackal zombie (D:6)
  13 kobolds
  7 rats
220 creatures vanquished.

Vanquished Creatures (collateral kills)
  A centaur skeleton (D:9)
  2 yaks (D:9)
  An orc warrior (D:6)
  A centaur (D:9)
5 creatures vanquished.

Vanquished Creatures (others)
  A two-headed ogre (D:8)
  A fire crab (D:10)
  An unseen horror (D:10)
  A porcupine (D:10)
  43 fungi (D:10)
  4 plants (D:10)
51 creatures vanquished.

Grand Total: 276 creatures vanquished

Notes
Turn   | Place    | Note
-------+----------+-------------------------------------------
     0 | Abyss:1  | Gargoyl the Centaur Abyssal Knight began the quest for the
                  | Orb.
     0 | Abyss:1  | Reached XP level 1. HP: 19/19 MP: 2/2
    35 | Abyss:1  | Noticed a starcursed mass
    76 | Abyss:1  | Noticed a small abomination
    82 | Abyss:1  | Gained mutation: You are partially covered in molten
                  | scales. (AC +2) [potion of mutation]
    82 | Abyss:1  | Gained mutation: Your spells are a little harder to cast,
                  | but a little more powerful. [potion of mutation]
    82 | Abyss:1  | Gained mutation: You are resistant to electric shocks.
                  | (rElec) [potion of mutation]
   103 | Abyss:1  | Noticed a fire elemental
   105 | D:1      | Escaped the Abyss
   416 | D:1      | Reached XP level 2. HP: 26/26 MP: 3/3
   440 | D:1      | Reached * piety under Lugonu
   806 | D:1      | Reached skill level 1 in Dodging
   817 | D:1      | You fall into a shaft and drop 1 floor!
   944 | D:2      | Reached XP level 3. HP: 31/31 MP: 4/4
  1607 | D:2      | Reached ** piety under Lugonu
  1826 | D:3      | Reached XP level 4. HP: 27/38 MP: 5/5
  1985 | D:3      | Found a faded altar of an unknown god.
  2655 | D:4      | Reached XP level 5. HP: 34/45 MP: 7/7
  2717 | D:4      | Reached skill level 3 in Invocations
  2999 | D:4      | Reached XP level 6. HP: 24/52 MP: 8/8
  3262 | D:4      | Found a hide-covered altar of Uskayaw.
  3266 | D:4      | Found a shattered altar of Ashenzari.
  3269 | D:4      | Found a basalt altar of Yredelemnul.
  3270 | D:4      | Found a glowing golden altar of the Shining One.
  3726 | D:4      | Found a transporter.
  3739 | D:4      | Noticed Gargoyl's ghost (novice CeAK)
  3753 | D:4      | Found a transporter.
  4215 | D:5      | Entered Level 5 of the Dungeon
  4254 | D:5      | Found a sacrificial altar of Ru.
  4262 | D:5      | Noticed a water moccasin
  4287 | D:5      | HP: 2/78 [poisoned by a water moccasin]
  4508 | D:5      | Killed a water moccasin
  4508 | D:5      | Reached XP level 7. HP: 42/58 MP: 9/9
  4873 | D:5      | Reached skill level 4 in Invocations
  5028 | D:5      | Reached *** piety under Lugonu
  5383 | D:6      | Reached skill level 1 in Throwing
  6040 | D:6      | Reached XP level 8. HP: 63/66 MP: 11/11
  6306 | D:6      | Noticed Grinder
  6324 | D:6      | Paralysed by Grinder for 6 turns
  6341 | D:6      | Killed Grinder
  6341 | D:6      | Reached skill level 5 in Axes
  6549 | D:7      | Found Fyfriqopegh's Distillery.
  6555 | D:7      | Bought a potion of heal wounds for 75 gold pieces
  6762 | D:7      | Found Qumini Ozurph's Distillery.
  6767 | D:7      | Bought a potion of curing for 30 gold pieces
  6821 | D:7      | Reached skill level 5 in Invocations
  6903 | D:7      | Found Ompid's Antique Armour Shop.
  6906 | D:7      | Bought a runed helmet for 240 gold pieces
  7250 | D:7      | Found Taeskin's Assorted Antiques.
  7291 | D:7      | Found a staircase to the Ecumenical Temple.
  7317 | D:7      | Reached XP level 9. HP: 68/73 MP: 13/13
  7506 | D:7      | Found Qerghedo's Jewellery Shoppe.
  7878 | D:8      | Found Banoit's Assorted Antiques.
  7936 | D:7      | Bought a kite shield for 85 gold pieces
  8106 | D:8      | Reached skill level 7 in Invocations
  8106 | D:8      | Reached XP level 10. HP: 83/83 MP: 13/15
  8334 | D:8      | Noticed a two-headed ogre
  8337 | D:8      | Banished a two-headed ogre
  8474 | D:8      | Reached **** piety under Lugonu
  9053 | D:9      | Reached skill level 8 in Invocations
  9156 | D:9      | Noticed Prince Ribbit
  9182 | D:9      | Killed Prince Ribbit
  9526 | D:9      | Paralysed by a hornet for 2 turns
  9530 | D:9      | Reached ***** piety under Lugonu
  9582 | D:9      | Noticed Pikel
  9917 | D:8      | Killed Pikel
 10179 | D:9      | Found a stormy altar of Qazlal.
 10219 | D:9      | Found a staircase to the Orcish Mines.
 10438 | D:10     | Entered Level 10 of the Dungeon
 10631 | D:10     | Found Viell's Jewellery Shop.
 10730 | D:10     | Got a bronze leather armour
 10741 | D:10     | Identified the +2 leather armour of Space {rElec rCorr
                  | SInv} (You found it on level 10 of the Dungeon)
 10861 | D:10     | Found a runed translucent door.
 10861 | D:10     | Found a shimmering altar of Xom.
 10861 | D:10     | Noticed SirSavien's ghost (journeyman GnWn)
 10861 | D:10     | Noticed a +2 rapier of chaos
 10900 | D:10     | Reached XP level 11. HP: 84/91 MP: 17/17
 10933 | D:10     | Noticed a two-headed ogre
 10937 | D:10     | a two-headed ogre changed into a torpor snail
 11209 | D:10     | Noticed a fire crab
 11209 | D:10     | a troll changed into a fire crab
 11221 | D:10     | Killed an unseen horror
 11667 | D:10     | Banished a fire crab
 11667 | D:10     | Reached skill level 5 in Shields
 12023 | D:10     | Found a staircase to the Lair.
 12336 | D:10     | Noticed a two-headed ogre
 12349 | D:10     | Killed a two-headed ogre
 13028 | D:7      | Bought a fine falchion for 152 gold pieces
 13028 | D:7      | Identified the +2 falchion of Wirex {antimagic, Dex+5} (You
                  | bought it in a shop on level 7 of the Dungeon)
 13138 | D:11     | Found a portal to a secret trove of treasure.
 13143 | D:11     | Noticed a white ugly thing
 13168 | D:10     | Mangled by a white ugly thing

Levels and vault maps discovered:
D:1:      matt_arrival_los_fun, layout_loops_cross
D:2:      layout_basic
D:3:      layout_basic, chequers_ecumenical_altar_island
D:4:      layout_loops_ring, minitemple, gammafunk_ghost_stat_death,
          first_ration
D:5:      layout_cave_pools, lemuel_tele_altar
D:6:      layout_gridville, uniq_grinder
D:7:      layout_cave_pools, minmay_temple_entry_grid, serial_shops,
          nicolae_shop_window_shopping, nicolae_shop_statue_plus,
          kennysheep_little_box, kennysheep_mini_moat, kennysheep_mini
D:8:      minmay_weird_star, layout_basic, serial_shops, shop,
          serial_corexii_hall, corexii_hall_statues_x, corexii_hall_statues_x,
          chequers_hall_statues_wall_a, chequers_hall_statues_y,
          hangedman_little_slice_of_home
D:9:      layout_rooms, erik_orc_3, st_stairs_13,
          nicolae_qazlal_style_of_elements, uniq_pikel, uniq_prince_ribbit1
D:10:     layout_stronghold, due_lair_maze_entry_diamond, serial_shops, shop,
          ebering_ghost_xom, serial_glass, glass_columns_a, glass_columns_a
D:11:     layout_stronghold, basic_altar, enter_trove_1, uniq_erica

Skill      XL: |  1  2  3  4  5  6  7  8  9 10 11 |
---------------+----------------------------------+-----
Axes           | 2 3 4 5 7 |  7.9
Dodging        | 1 2 3 4 |  4.6
Armour         | 2 3 4 6 7 |  7.1
Invocations    | 3 4 5 7 8 |  8.6
Throwing       | 1 3 |  3.8
Fighting       | 4 6 |  6.6
Shields        | 3 4 5 |  5.2
Evocations     | 2 |  2.9

Action                   |  1- 3 |  4- 6 |  7- 9 | 10-12 || total
-------------------------+-------+-------+-------+-------++-------
Melee: Hand axe          |   136 |   173 |   252 |   430 ||   991
       Kick              |    18 |    44 |    56 |   169 ||   287
Throw: Boomerang         |       |     3 |    13 |    10 ||    26
Invok: Depart the Abyss  |     1 |       |       |       ||     1
       Banish            |       |       |       |     3 ||     3
Evoke: Wand              |       |       |     3 |     8 ||    11
  Use: Scroll            |     8 |     1 |    11 |     1 ||    21
       Potion            |     1 |     4 |     5 |     1 ||    11
 Stab: Sleeping          |       |       |     1 |       ||     1
  Eat: Chunk             |     1 |     6 |     9 |     8 ||    24
       Ration            |       |     1 |     1 |     4 ||     6
Armor: Ring mail         |    67 |    76 |    66 |       ||   209
       Leather armour    |     3 |       |       |       ||     3
       Chain mail        |       |       |   103 |   254 ||   357
       Skin              |       |       |    18 |       ||    18
Dodge: Dodged            |    65 |    81 |   100 |    79 ||   325
Block: Kite shield       |       |       |     7 |   220 ||   227

Table legend:
 A = Non-vault XP
 B = Vault XP
 C = Vault XP percentage of total XP
 D = Non-vault monster count
 E = Vault monster count
 F = Vault count percentage of total count
                 A         B        C        D         E       F
            +---------+---------+-------+---------+---------+-------
      Total |    8570 |    2868 |  25.1 |     192 |      35 |  15.4
            +---------+---------+-------+---------+---------+-------
        D:1 |      30 |       0 |   0.0 |      19 |       0 |   0.0
        D:2 |      41 |       0 |   0.0 |      24 |       0 |   0.0
        D:3 |     149 |       0 |   0.0 |      24 |       0 |   0.0
        D:4 |     283 |       0 |   0.0 |      19 |       0 |   0.0
        D:5 |     443 |       0 |   0.0 |      11 |       0 |   0.0
        D:6 |     746 |     281 |  27.4 |      24 |       1 |   4.0
        D:7 |     980 |       0 |   0.0 |      20 |       0 |   0.0
        D:8 |     798 |     794 |  49.9 |      10 |       9 |  47.4
        D:9 |    2344 |     747 |  24.2 |      27 |      17 |  38.6
       D:10 |    2756 |    1046 |  27.5 |      14 |       8 |  36.4
            +---------+---------+-------+---------+---------+-------
